 Dungeon Crawl Stone Soup version 0.31.0-32-g396128a36d (webtiles) character file.

Game seed: 16073731640998004044

53 Tripartite the Conjurer (level 3, -1/30 HPs)
             Began as a Draconian Conjurer on Apr 4, 2024.
             Slain by a quokka zombie (4 damage)
             ... on level 2 of the Dungeon.
             The game lasted 00:01:38 (1355 turns).

Tripartite the Conjurer (Draconian Conjurer)        Turns: 1355, Time: 00:01:38

Health: -1/30      AC:  5    Str:  9    XL:     3   Next: 62%
Magic:  6/6        EV: 12    Int: 20    God:
Gold:   157        SH:  0    Dex:  9    Spells: 5/6 levels left

rFire   . . .        b - +0 long sword
rCold   . . .        (no shield)
rNeg    . . .        (body armour unavailable)
rPois   .            (helmet restricted)
rElec   .            (no cloak)
rCorr   .            (no gloves)
SInv    .            (no boots)
Will    .....        (no amulet)
Stlth   ++           (no ring)
HPRegen 0.25/turn    (no ring)
MPRegen 0.10/turn

%: no passive effects
@: no status effects
A: AC +5, unfitting armour, cold-blooded
a: no special abilities


You were on level 2 of the Dungeon.
You visited 1 branch of the dungeon, and saw 2 of its levels.

You collected 157 gold pieces.

Inventory:

Hand Weapons
 b - a +0 long sword (weapon)
Scrolls
 d - 2 scrolls of immolation {unknown}
 e - 2 scrolls of identify {unknown}
 h - a scroll of fog {unknown}
Potions
 a - 2 potions of magic
 c - a potion of might {unknown}
 f - 3 potions of degeneration {unknown}
 g - a potion of brilliance {unknown}


   Skills:
 * Level 2.9 Fighting
 + Level 2.5 Dodging
 - Level 1.7 Stealth
 - Level 2.0 Spellcasting
 - Level 4.0 Conjurations


You had 5 spell levels left.
You knew the following spells:

 Your Spells              Type           Power      Damage    Failure   Level
a - Magic Dart            Conj           72%        1d6       3%          1

Your spell library contained the following spells:

 Spells                   Type           Power      Damage    Failure   Level
 Searing Ray              Conj           36%        2d5       4%          2
 Tukima's Dance           Hex            2%         N/A       43%         3
 Fulminant Prism          Conj/Alch      5%         3d7       56%         4
 Iskenderun's Mystic Bla  Conj/Tloc      10%        2d4       56%         4
 Passage of Golubria      Tloc           2%         N/A       83%         4
 Summon Lightning Spire   Summ/Air       2%         N/A       83%         4
 Lee's Rapid Deconstruct  Erth           1%         3d4*      99%         5
 Yara's Violent Unravell  Hex/Alch       1%         3d3       99%         5
 Animate Armour           Summ/Erth      Unusable   N/A       N/A         4

Dungeon Overview and Level Annotations

Branches:
Dungeon (2/15)

Altars:

Shops:
D:1 [[[


Innate Abilities, Weirdness & Mutations

Your plain brown scales are hard. (AC +5)
You cannot fit into any form of body armour.
You are cold-blooded and may be slowed by cold attacks.


Message History

Natasha claws you but does no damage.
You closely miss Natasha.
Natasha is heavily wounded.
The adder skeleton bites the withered plant.
The quokka zombie bites you. Natasha barely misses you.
The adder skeleton bites the withered plant.
Unknown command.
You closely miss Natasha.
You tail-slap Natasha, but do no damage.
Natasha is heavily wounded.
The withered plant crumbles away.
The quokka zombie bites you but does no damage.
Natasha misses you. Natasha claws you.
* * * LOW HITPOINT WARNING * * *
The quokka zombie misses you.
You hit Natasha but do no damage.
Natasha is heavily wounded.
The adder skeleton closely misses you. The quokka zombie barely misses you.
Natasha claws you.
* * * LOW HITPOINT WARNING * * *
The adder skeleton bites you but does no damage.
Unknown command.
You hit Natasha.
Natasha is severely wounded.
The quokka zombie bites you but does no damage.
Natasha mumbles some strange words.
The adder skeleton bites you.
* * * LOW HITPOINT WARNING * * *
Unknown command.
You slash Natasha!
You kill Natasha!
Natasha growls in agony!
The cerulean imp disappears in a puff of smoke!
The adder skeleton bites you but does no damage.
The quokka zombie misses you. The adder skeleton bites you.
* * * LOW HITPOINT WARNING * * *
The ball python skeleton barely misses you.
The ball python skeleton closely misses you.
The quokka zombie bites you.
You die...

♣♣♣♣♣ ♣P♣PP♣♣ ### PP...P.♣#######
###.## ...)8:♣♣......## ##
#....♣♣......♣.>......# .##
#.###♣ZZ....♣♣......... ..## ##.#
♣♣ZZZ♣♣♣♣.......... ...# #..#
♣P@Z♣ #............ ...## #.##
♣P§.♣ ###.......... ....## #.#
♣...♣ #.......... .....## #.#
#♣P.P♣#####.....(..# .##...##
#.###..P♣♣#............#
###....###.##...♣♣...##..........
####.........†....#####..........
......##.#....##### #..........
..##...#.####.#### #..........


You could see an adder zombie, 2 quokka zombies, a ball python skeleton, an
adder skeleton and a quokka skeleton.

Vanquished Creatures
  Natasha (D:2)
  An adder (D:2)
  2 dart slugs (D:2)
  An orc (D:2)
  2 ball pythons (D:1)
  4 bats
  3 endoplasms
  3 giant cockroaches
  5 goblins
  4 hobgoblins (D:1)
  4 kobolds
  A quokka (D:1)
  2 frilled lizards (D:2)
  3 rats
36 creatures vanquished.

Notes
Turn   | Place    | Note
-------+----------+-------------------------------------------
     0 | D:1      | Tripartite the Draconian Conjurer began the quest for the
                  | Orb.
     0 | D:1      | Reached XP level 1. HP: 14/14 MP: 3/3
    22 | D:1      | You fall into a shaft and drop 1 floor!
    39 | D:2      | Reached skill level 1 in Fighting
    39 | D:2      | Reached XP level 2. HP: 23/23 MP: 0/5
   121 | D:1      | Found Xillede's Antique Armour Shop.
   161 | D:1      | Found Temoseut's Armour Emporium.
   308 | D:1      | Reached XP level 3. HP: 23/30 MP: 6/6
   704 | D:1      | Found Ivymic's Antique Armour Boutique.
  1338 | D:2      | Noticed Natasha
  1355 | D:2      | Killed Natasha
  1355 | D:2      | Slain by a quokka zombie

Illustrated notes

Levels and vault maps discovered:
D:1:      ebering_trefoil_twist, layout_basic, serial_shops, shop,
          nicolae_diamond_shop, nicolae_shop_rolling_square, minmay_pentomino_t2
D:2:      layout_rooms, dilly_guarded_unrand_morg

Skill      XL: |  1  2 |
---------------+-------+-----
Fighting       | 1 2 |  2.9
Dodging        | 2 |  2.5
Stealth        | |  1.7
Spellcasting   | |  2.0
Conjurations   | |  4.0

Action                     || total
---------------------------++-------
  Melee: Unarmed           ||    33
         Long sword        ||    87
         Tailslap          ||    16
         Punch             ||     1
   Cast: Magic Dart        ||     3
 Armour: Skin              ||    97
  Dodge: Dodged            ||   125
